 Dungeon Crawl Stone Soup version 0.30-b1-2-g02819fbbbe (webtiles) character file.

Game seed: 17226669138627692405

124 Fartwhistle the Changer (level 5, 0/44 HPs)
             Began as a Naga Transmuter on June 6, 2023.
             Succumbed to a kobold brigand's curare-tipped dart
             ... in a sewer.
             The game lasted 00:06:14 (2373 turns).

Fartwhistle the Changer (Naga Transmuter)           Turns: 2373, Time: 00:06:14

Health: 0/44       AC:  2    Str: 12    XL:     5   Next: 8%
Magic:  4/9        EV: 10    Int: 15    God:
Gold:   115        SH:  0    Dex: 12    Spells: 3/9 levels left

rFire   . .          .
                       - Unarmed
rCold   . . .        (no shield)
rNeg    . . .        a - +0 robe
rPois   +            (no helmet)
rElec   .            (no cloak)
rCorr   .            (no gloves)
SInv    +            (no barding)
Will    .....        (no amulet)
Stlth   +            (no ring)
HPRegen 0.27/turn    (no ring)
MPRegen 0.11/turn

%: no passive effects
@: lethally poisoned (0 -> -19), very slightly contaminated, slowed, very slow
A: AC +1, large, see invisible, deformed body, poison resistance, slowness 2,
spit poison 1, naga tail 1
a: Spit Poison


You were in a sewer.
You visited 1 branch of the dungeon, and saw 3 of its levels.
You also visited: Sewer.

You collected 115 gold pieces.

Inventory:

Missiles
 k - an atropa-tipped dart
Armour
 a - a +0 robe (worn)
Scrolls
 b - 2 scrolls of enchant armour {unknown}
 e - a scroll of fog {unknown}
 i - 3 scrolls of identify {unknown}
 j - a scroll of blinking {unknown}
 l - a scroll of noise {unknown}
 m - a scroll of teleportation {unknown}
 o - a scroll of poison {unknown}
Potions
 c - a potion of brilliance {unknown}
 d - 2 potions of curing {unknown}
 f - a potion of heal wounds
 g - 2 potions of attraction {unknown}
 h - 3 potions of mutation {unknown}
 n - a potion of flight {unknown}


   Skills:
 - Level 1.0 Fighting
 - Level 1.5 Dodging
 - Level 3.0 Unarmed Combat
 + Level 2.9 Spellcasting
 * Level 4.1 Transmutations
 - Level 2.0 Poison Magic


You had 3 spell levels left.
You knew the following spells:

 Your Spells              Type           Power      Damage    Failure   Level
a - Beastly Appendage     Tmut           28%        N/A       3%          1
b - Wereblood             Tmut           14%        N/A       5%          2
c - Spider Form           Tmut/Pois      11%        N/A       17%         3

Your spell library contained the following spells:

 Spells                   Type           Power      Damage    Failure   Level
 Passwall                 Tmut/Erth      6%         N/A       13%         2
 Ensorcelled Hibernation  Hex/Ice        4%         N/A       30%         2
 Swiftness                Air            2%         N/A       52%         3
 Ice Form                 Ice/Tmut       8%         N/A       65%         4


Dungeon Overview and Level Annotations

Branches:
Dungeon (3/15)              Sewer (1/1)

Altars:
Okawaru

Annotations:
D:3 Terence


Innate Abilities, Weirdness & Mutations

Your serpentine skin is tough. (AC +1)
You have supernaturally acute eyesight. (SInv)
Armour fits poorly on your strangely shaped body.
Your system is resistant to poisons. (rPois)
You cover ground very slowly.
You can spit poison.
You have a snake-like lower body.


Message History

You closely miss the kobold brigand.
The kobold brigand is lightly wounded.
The kobold brigand hits you with a +0 club.
The kobold brigand misses you.
You hit the kobold brigand.
The kobold brigand looks as sick as possible!
The kobold brigand is moderately wounded.
The kobold brigand barely misses you. x2
You hit the kobold brigand but do no damage.
The kobold brigand looks as sick as possible!
The kobold brigand is heavily wounded.
The kobold brigand hits you with a +0 club!
The kobold brigand hits you with a +0 short sword.
You are too injured to fight recklessly!
Unknown command.
Bite: -) Fangs (venom)
Press: ? - help, Dir - move target, f/p - kobold brigand
Aim: a kobold brigand, wielding a +0 club and quivering curare-tipped darts (lightly wounded, very poisoned, about 29% to evade your front pincers)
Okay, then.
Bite: -) Fangs (venom)
Press: ? - help, Dir - move target, f/p - kobold brigand
Aim: a kobold brigand, wielding a +0 club and quivering curare-tipped darts (lightly wounded, very poisoned, about 29% to evade your front pincers)
Okay, then.
The kobold brigand attacks as you move away!
The kobold brigand hits you with a +0 club.
You enter the shallow water.
Moving in this stuff is going to be slow.
The kobold brigand throws a curare-tipped dart.
The curare-tipped dart hits you.
You are lethally poisoned!
You have difficulty breathing.
* * * LOW HITPOINT WARNING * * *
You feel yourself slow down.
The kobold brigand throws a poisoned dart.
The poisoned dart misses you.
The kobold brigand throws a poisoned dart.
The poisoned dart barely misses you.
Your transformation has ended.
Your +0 robe unmelds from your body.
You die...

~...#####~..~~# !~ .†.##
##~~.## .# #†## ##~## (#
#~# #~# (# #~# #~# .#
#~## ##~## ##.## .~.##
##~..## ##K..##
∩~..#####~.~..####~.~..#
~∩~~≈≈≈≈≈~....~~@~K~.~.#
~..~#####.~...####~.~.~#
~~.## ##~~~## ##...##
#≈## ##≈## ##~## #≈##
#≈# ~# #≈≈ #≈# ~# #≈##
#≈# ~# #≈## #≈# ~~~## ~~


You could see 2 kobold brigands.

Vanquished Creatures
  2 adders
  3 river rats (Sewer)
  3 worms (Sewer)
  A dart slug (D:2)
  An orc (D:2)
  6 bats
  2 endoplasms
  4 giant cockroaches
  5 hobgoblins
  6 jackals
  2 quokkas (D:2)
  8 ball pythons
  3 frilled lizards
  4 goblins (D:1)
  12 kobolds
  6 rats
68 creatures vanquished.

Notes
Turn   | Place    | Note
-------+----------+-------------------------------------------
     0 | D:1      | Fartwhistle the Naga Transmuter began the quest for the
                  | Orb.
     0 | D:1      | Reached XP level 1. HP: 18/18 MP: 3/3
     5 | D:1      | You fall into a shaft and drop 1 floor!
   157 | D:1      | Reached XP level 2. HP: 10/25 MP: 5/5
   452 | D:1      | Learned a level 2 spell: Wereblood
   722 | D:1      | Reached skill level 3 in Transmutations
   927 | D:1      | Reached XP level 3. HP: 28/31 MP: 6/6
   931 | D:1      | Learned a level 3 spell: Spider Form
  1211 | D:2      | Found an iron altar of Okawaru.
  1708 | D:2      | Reached skill level 1 in Poison Magic
  1867 | D:3      | Noticed Terence
  1885 | D:2      | Reached XP level 4. HP: 33/38 MP: 1/7
  1949 | D:3      | Found a glowing drain.
  1963 | Sewer    | Entered a sewer
  2216 | Sewer    | Reached skill level 4 in Transmutations
  2216 | Sewer    | Reached XP level 5. HP: 25/44 MP: 6/9
  2354 | Sewer    | Noticed a kobold brigand
  2354 | Sewer    | Noticed a kobold brigand
  2373 | Sewer    | Succumbed to a kobold brigand's curare-tipped dart

Illustrated notes

Levels and vault maps discovered:
D:1:      minmay_arrival_four_loops, layout_rooms
D:2:      minmay_chambers_of_twos, layout_loops_ring, basic_altar,
          minmay_misc_feat_plants
D:3:      layout_rooms, nicolae_tso_besieged_by_evil,
          cheibrodos_sewer_entry_drain, serial_bayou_pond_a, uniq_terence
Sewer:    sewer_co_15_rooms

Skill      XL: |  1  2  3  4 |
---------------+-------------+-----
Transmutations | 3 4 |  4.1
Poison Magic   | 1 2 |  2.0
Fighting       | |  1.0
Dodging        | |  1.5
Unarmed Combat | |  3.0
Spellcasting   | |  2.9

Action                     |  1- 3 |  4- 6 || total
---------------------------+-------+-------++-------
  Melee: Unarmed           |   141 |    70 ||   211
         Headbutt          |     4 |       ||     4
         Punch             |     4 |       ||     4
  Throw: Dart              |       |     3 ||     3
   Cast: Beastly Appendage |     6 |       ||     6
         Wereblood         |     1 |     1 ||     2
         Spider Form       |     1 |     8 ||     9
Ability: Spit Poison       |    15 |     2 ||    17
    Use: Potion            |     2 |       ||     2
 Armour: Skin              |    19 |     3 ||    22
         Robe              |    48 |     2 ||    50
  Dodge: Dodged            |   115 |    62 ||   177
